General information
- name: BNet
- type: Ladder 1vs1/FFA
- host: Battle.net
- saver: LW-Stupidus
map: TwistedMeadows
- players: 2
- length: 29:50
- speed: Fast
- version: 1.23 W3XP
- replay type: Public
» download(102 KB)
Players
team 1 (winner)

»
gamr1000000 (
green | 76 APM | 2281 actions | 29:50)
6 Death Knight
3 Unholy Aura
3 Death Coil
6 Lich
3 Frost Nova
2 Dark Ritual
1 Death and Decay
» actions
| Assign group hotkey | 37 | |
| Basic commands | 1 | |
| Build / train | 88 | |
| Enter build submenu | 17 | |
| Enter hero's abilities submenu | 13 | |
| Give item / drop item | 13 | |
| Right click | 1197 | |
| Select / deselect | 454 | |
| Select group hotkey | 345 | |
| Use ability | 116 | |
2281 total
» units
| Acolyte | 12 | |
| Ghoul | 10 | |
| Crypt Fiend | 9 | |
| Obsidian Statue | 5 | |
| Meatwagon | 2 | |
| Gargoyle | 4 | |
42 total
» upgrades
| Burrow | 1 | |
| Destroyer Form | 1 | |
| Web | 1 | |
| Ghoul Frenzy | 1 | |
4 total
» buildings
| Altar of Darkness | 1 | |
| Ziggurat | 7 | |
| Crypt | 2 | |
| Tomb of Relics | 1 | |
| Halls of the Dead | 1 | |
| Graveyard | 1 | |
| Black Citadel | 1 | |
| Slaughterhouse | 1 | |
| Spirit Tower | 1 | |
| Sacrificial Pit | 1 | |
| Necropolis | 2 | |
| Nerubian Tower | 1 | |
20 total
» build order
00:08 Altar of Darkness
00:11 Ziggurat
00:33 Crypt
00:58 Tomb of Relics
01:12 Ziggurat
02:51 Halls of the Dead
03:09 Graveyard
03:27 Crypt
03:31 Ziggurat
05:10 Ziggurat
06:10 Black Citadel
09:41 Slaughterhouse
11:12 Spirit Tower
11:49 Sacrificial Pit
11:51 Ziggurat
11:52 Ziggurat
16:11 Necropolis
20:17 Ziggurat
23:28 Necropolis
28:27 Nerubian Tower
» items
| Rod of Necromancy | 5 | |
| Potion of Mana | 2 | |
| Orb of Corruption | 1 | |
| Scroll of Town Portal | 7 | |
| Potion of Lesser Invulnerability | 3 | |
| Scroll of Healing | 2 | |
| Potion of Healing | 2 | |
22 total
team 2 (loser)
LW-Stupidus (
orange | 83 APM | 2464 actions | 29:50)
5 Demon Hunter
3 Mana Burn
2 Evasion
3 Pandaren Brewmaster
2 Breath of Fire
1 Drunken Haze
» actions
| Assign group hotkey | 89 | |
| Basic commands | 163 | |
| Build / train | 115 | |
| Enter build submenu | 35 | |
| Enter hero's abilities submenu | 8 | |
| Give item / drop item | 5 | |
| Right click | 1170 | |
| Select / deselect | 478 | |
| Select group hotkey | 255 | |
| Use ability | 146 | |
2464 total
» units
| Wisp | 39 | |
| Huntress | 21 | |
| Hippogryph | 2 | |
| Chimaera | 5 | |
| Archer | 7 | |
74 total
» upgrades
| Nature's Blessing | 1 | |
| Upgrade Moon Glaive | 1 | |
| Corrosive Breath | 1 | |
| Improved Bows | 1 | |
| Marksmanship | 1 | |
| Strength of the Moon | 1 | |
| Druid of the Talon Training | 1 | |
7 total
» buildings
| Altar of Elders | 1 | |
| Moon Well | 8 | |
| Hunter's Hall | 1 | |
| Ancient of War | 3 | |
| Ancient Protector | 5 | |
| Tree of Life | 2 | |
| Tree of Ages | 1 | |
| Ancient of Wonders | 4 | |
| Ancient of Wind | 2 | |
| Tree of Eternity | 1 | |
| Chimaera Roost | 2 | |
30 total
» build order
00:07 Altar of Elders
00:16 Moon Well
01:33 Hunter's Hall
02:07 Ancient of War
02:18 Moon Well
02:37 Ancient of War
02:59 Moon Well
04:26 Ancient Protector
06:31 Moon Well
07:00 Ancient Protector
07:31 Tree of Life
07:33 Ancient Protector
07:36 Ancient Protector
08:27 Tree of Ages
09:56 Ancient of Wonders
11:12 Ancient Protector
13:37 Ancient of Wind
14:05 Ancient of Wonders
14:23 Tree of Eternity
14:28 Ancient of War
15:15 Moon Well
15:17 Moon Well
16:49 Chimaera Roost
16:50 Chimaera Roost
18:19 Ancient of Wind
18:30 Moon Well
20:12 Moon Well
22:30 Ancient of Wonders
24:13 Ancient of Wonders
28:43 Tree of Life
» items
| Boots of Speed | 1 | |
| Scroll of Healing | 6 | |
| Potion of Lesser Invulnerability | 3 | |
| Staff of Teleportation | 1 | |
| Potion of Healing | 3 | |
| Scroll of Town Portal | 7 | |
| Anti-magic Potion | 1 | |
22 total
Chat log
(29:49 / All) LW-Stupidus: fag